 Dungeon Sprint DCSS version 0.21-a0-278-ga722497 (webtiles) character file.

2303 potatolord6000 the Fighter (level 9, -1/90 HPs)
             Began as a Minotaur Monk on Sept 20, 2017.
             Was a High Priest of Okawaru.
             Slain by a snapping turtle (16 damage)
             ... in the Dungeon (Sprint VII: "The Pits").
             The game lasted 00:04:02 (836 turns).

potatolord6000 the Fighter (Minotaur Monk)           Turns: 836, Time: 00:04:03

Health: -1/90      AC: 21    Str: 23    XL:     9   Next: 18%
Magic:  11/15      EV: 16    Int: 10    God:    Okawaru [*****.]
Gold:   0          SH:  0    Dex: 12    Spells: 8/8 levels left

rFire    . . .     SeeInvis .   n - +2 war axe (freeze)
rCold    . . .     Gourm    .   (no shield)
rNeg     . . .     Faith    .   p - +4 chain mail
rPois    .         Spirit   .   (helmet restricted)
rElec    .         Reflect  .   j - +0 cloak
rCorr    .         Harm     .   o - +0 pair of gloves
MR       .....     NoTele   +   (no boots)
Stlth    ..........             (no amulet)
HPRegen  0.25/turn              b - +3 ring of strength
MPRegen  0.14/turn              k - +3 ring of intelligence

@: heroism
A: retaliatory headbutt, horns 2
a: Heroism, Finesse, Renounce Religion


You were in the Dungeon.
You worshipped Okawaru.
Okawaru was extremely pleased with you.
You were not hungry.

You visited 1 branch

Inventory:

Hand Weapons
 n - a +2 war axe of freezing (weapon)
Armour
 j - a +0 cloak (worn)
 o - a +0 pair of gloves (worn)
 p - a +4 chain mail (worn)
Jewellery
 b - a +3 ring of strength (left hand)
 k - a +3 ring of intelligence (right hand)
Scrolls
 i - a scroll of blinking
Potions
 d - 7 potions of curing
 e - 10 potions of heal wounds
 f - 2 potions of haste
 g - 2 potions of magic
 h - a potion of berserk rage
 l - a potion of resistance
 m - 2 potions of might
Comestibles
 c - a bread ration


   Skills:
 + Level 11.7(16.7) Fighting
 + Level 11.6(16.6) Axes
 + Level 11.1(16.1) Armour
 + Level 10.8(15.8) Dodging
 - Level 1.5(6.5) Stealth
 + Level 9.4 Invocations


You had 8 spell levels left.
You didn't know any spells.

Dungeon Overview and Level Annotations

Branches:
Dungeon (1/1)

Altars:
Ashenzari
Cheibriados
Dithmenos
Elyvilon
Fedhas
Gozag
Hepliaklqana
Kikubaaqudgha
Makhleb
Nemelex Xobeh
Okawaru
Qazlal
Ru
Sif Muna
Trog
Uskayaw
Vehumet
Wu Jian
Xom
Yredelemnul
Zin
The Shining One
Beogh
Jiyva
Lugonu


Innate Abilities, Weirdness & Mutations

You reflexively headbutt those who attack you in melee.
You have a pair of horns on your head.


Message History

You headbutt the hell rat, but do no damage.
The snapping turtle misses you. You furiously retaliate!
You headbutt the snapping turtle, but do no damage.
Unknown command.
Unknown command.
Unknown command.
You slash the dream sheep! You freeze the dream sheep.
You kill the dream sheep!
Okawaru accepts your kill.
Your base Armour skill increases to level 11!
You hit the snapping turtle but do no damage.
You hit the hell rat. You freeze the hell rat.
You kill the hell rat!
Unknown command.
Unknown command.
Unknown command.
You slash the snapping turtle! You freeze the snapping turtle.
The snapping turtle is heavily wounded.
The snapping turtle bites you!
You die...

#####'#####''######
##.......##''#
##.......##)†#
##.......##..# +#
##...<...##..# #.##
##.......##..# #...##
##.......##..####.....#
##.......##...##†.....#
###########....'@†....+
###########...##†t....#
....#!..[##..####.....#
....#...[##..# #...##
....'..))##..# #.##
....#..))##..# +#
....#..))##..#
##############


You could see a snapping turtle.

Vanquished Creatures
  An elephant (D)
  A bog body (D)
  5 dream sheep (D)
  A redback (D)
  A yak (D)
  2 wyverns (D)
  A floating eye (D)
  An orc priest (D)
  An orc wizard (D)
  An iguana (D)
  A hell rat (D)
  An adder (D)
  2 river rats (D)
  A white imp (D)
  An ufetubus (D)
  A leopard gecko (D)
  6 orcs (D)
  3 bat zombies (D)
  A giant cockroach (D)
  A goblin (D)
  A hobgoblin (D)
  4 jackals (D)
  A quokka (D)
  A frilled lizard (D)
  A kobold (D)
  A rat (D)
42 creatures vanquished.

Notes
Turn   | Place    | Note
-------+----------+-------------------------------------------
     0 | D        | potatolord6000 the Minotaur Monk began the quest for the Orb.
     0 | D        | Reached XP level 1. HP: 19/19 MP: 0/0
    11 | D        | Noticed a floating eye
    17 | D        | Found a bloodstained altar of Trog.
    17 | D        | Found a deep blue altar of Sif Muna.
    17 | D        | Found a viscous altar of Jiyva.
    17 | D        | Found a hazy altar of Hepliaklqana.
    17 | D        | Found an opulent altar of Gozag.
    18 | D        | Found a glowing golden altar of the Shining One.
    18 | D        | Found a glowing silver altar of Zin.
    18 | D        | Found a basalt altar of Yredelemnul.
    18 | D        | Found a shimmering altar of Xom.
    18 | D        | Found an ornate altar of the Wu Jian Council.
    18 | D        | Found a sacrificial altar of Ru.
    18 | D        | Found a stormy altar of Qazlal.
    18 | D        | Found an iron altar of Okawaru.
    18 | D        | Found a sparkling altar of Nemelex Xobeh.
    18 | D        | Found a burning altar of Makhleb.
    18 | D        | Found a blossoming altar of Fedhas.
    18 | D        | Found a white marble altar of Elyvilon.
    18 | D        | Found a shadowy altar of Dithmenos.
    18 | D        | Found a snail-covered altar of Cheibriados.
    19 | D        | Paralysed by a floating eye for 2 turns
    21 | D        | Found a radiant altar of Vehumet.
    21 | D        | Found a corrupted altar of Lugonu.
    21 | D        | Found a roughly hewn altar of Beogh.
    22 | D        | Found a hide-covered altar of Uskayaw.
    22 | D        | Found an ancient bone altar of Kikubaaqudgha.
    22 | D        | Found a shattered altar of Ashenzari.
    26 | D        | Became a worshipper of Warmaster Okawaru
    26 | D        | Reached * piety under Okawaru
    26 | D        | Reached ** piety under Okawaru
    28 | D        | Killed a floating eye
    28 | D        | Reached *** piety under Okawaru
    28 | D        | Reached skill level 5 in Axes
    28 | D        | Reached skill level 5 in Dodging
    28 | D        | Reached XP level 2. HP: 30/30 MP: 0/3
    28 | D        | Reached XP level 3. HP: 37/37 MP: 0/4
    28 | D        | Reached XP level 4. HP: 44/44 MP: 0/5
   265 | D        | Reached skill level 5 in Armour
   270 | D        | Reached XP level 5. HP: 41/51 MP: 7/7
   397 | D        | Noticed a yak
   405 | D        | Killed a yak
   405 | D        | Reached skill level 5 in Invocations
   405 | D        | Reached XP level 6. HP: 56/61 MP: 7/9
   445 | D        | Noticed a redback
   455 | D        | Killed a redback
   455 | D        | Reached **** piety under Okawaru
   455 | D        | Reached XP level 7. HP: 52/70 MP: 7/10
   599 | D        | Noticed an elephant
   599 | D        | Noticed a bog body
   606 | D        | Killed an elephant
   612 | D        | Killed a bog body
   612 | D        | Reached skill level 10 in Fighting
   612 | D        | Reached skill level 10 in Axes
   612 | D        | Reached XP level 8. HP: 31/79 MP: 12/12
   820 | D        | Noticed a dream sheep
   820 | D        | Noticed a dream sheep
   820 | D        | Noticed a dream sheep
   820 | D        | Noticed a dream sheep
   820 | D        | Noticed a dream sheep
   820 | D        | Noticed a snapping turtle
   825 | D        | Killed a dream sheep
   825 | D        | Killed a dream sheep
   825 | D        | Reached skill level 10 in Armour
   826 | D        | Killed a dream sheep
   826 | D        | Reached skill level 10 in Dodging
   828 | D        | Reached ***** piety under Okawaru
   833 | D        | Killed a dream sheep
   833 | D        | Reached XP level 9. HP: 15/89 MP: 11/14
   836 | D        | Slain by a snapping turtle

Vault maps used:
D:        pitsprint

Skill      XL: |  1  2  3  4  5  6  7  8  9 |
---------------+----------------------------+-----
Fighting       | 6 8 9 10 11 | 11.7
Axes           | 5 6 8 10 11 | 11.6
Armour         | 4 5 7 9 10 11 | 11.1
Dodging        | 5 6 7 8 9 10 | 10.8
Invocations    | 3 4 5 6 7 9 |  9.4
Stealth        | |  1.5

Action                   |  1- 3 |  4- 6 |  7- 9 || total
-------------------------+-------+-------+-------++-------
Melee: Hand axe          |     3 |    71 |     5 ||    79
       Headbutt          |     1 |    14 |    10 ||    25
       War axe           |       |       |    20 ||    20
Invok: Heroism           |       |     1 |     1 ||     2
 Stab: Sleeping          |       |     1 |       ||     1
Armor: Robe              |       |     1 |       ||     1
       Chain mail        |       |    11 |    21 ||    32
Dodge: Dodged            |       |    43 |    23 ||    66

Table legend:
 A = Spawn XP
 B = Non-spawn XP
 C = Spawn XP percentage of total XP
 D = Spawn monster count
 E = Non-spawn monster count
 F = Spawn count percentage of total count
 G = Total turns spent on level
                    A         B        C        D         E        F      G
               +---------+---------+-------+---------+---------+-------+---------
         Total |       0 |    3291 |   0.0 |       0 |      42 |   0.0 |   836
               +---------+---------+-------+---------+---------+-------+---------
             D |       0 |    3291 |   0.0 |       0 |      42 |   0.0 |   836
               +---------+---------+-------+---------+---------+-------+---------
